 Dungeon Crawl Stone Soup version 0.27-a0-1200-g94dc6ad4cf (webtiles) character file.

Game seed: 407486737347325114

1239 quinnr the Magician (level 8, -1/50 HPs)
             Began as a Djinni Ice Elementalist on June 1, 2021.
             Killed by miscasting Metabolic Englaciation (21 damage)
             ... on level 5 of the Dungeon.
             The game lasted 00:33:20 (7995 turns).

quinnr the Magician (Djinni Ice Elementalist)       Turns: 7995, Time: 00:33:21

Health: -1/50      AC:  2    Str:  7    XL:     8   Next: 78%
Gold:   240        EV: 12    Int: 19    God:
                   SH:  0    Dex: 14

rFire    + + .     SeeInvis .   b - staff of conjuration
rCold    x . .     Faith    .   (no shield)
rNeg     . . .     Spirit   .   a - +0 robe
rPois    ∞         Reflect  .   (no helmet)
rElec    .         Harm     .   (no cloak)
rCorr    +         Rampage  .   (no gloves)
Will     +....                  (boots unavailable)
Stlth    ++........             (no amulet)
HPRegen  0.16/turn              e - ring of willpower
MPRegen  0.00/turn              f - ring of resist corrosion

@: flying, very slightly contaminated, studying Axes
A: sickness immunity, fire resistance 2, cold vulnerability 1, float, innate
caster, hp casting, extra vitality 1
a: no special abilities


You were on level 5 of the Dungeon.
You visited 1 branch of the dungeon, and saw 6 of its levels.
You also visited: Sewer.

You collected 240 gold pieces.

Inventory:

Missiles
 d - 231 stones
 n - 79 poisoned darts
Armour
 a - a +0 robe (worn)
Magical Staves
 b - a staff of conjuration (weapon)
 A - a staff of death
Jewellery
 c - a +4 ring of evasion
 e - a ring of willpower (left hand)
 f - a ring of resist corrosion (right hand)
 m - a ring of flight
 r - a +4 ring of evasion
 x - a ring of resist corrosion
Wands
 i - a wand of acid (12)
Scrolls
 k - a scroll of noise
 l - a scroll of immolation
 p - 2 scrolls of fog
 v - a scroll of teleportation
 y - a scroll of vulnerability {unknown}
Potions
 g - a potion of brilliance
 h - a potion of attraction
 j - a potion of cancellation
 o - a potion of haste
 q - 2 potions of lignification {unknown}
 s - 2 potions of curing
 t - 2 potions of flight {unknown}
 u - 2 potions of might
 w - 3 potions of heal wounds {unknown}
 z - 2 potions of resistance {unknown}


   Skills:
 - Level 2.1 Dodging
 - Level 2.0 Stealth
 * Level 7.9 Spellcasting
 - Level 3.0 Evocations


You couldn't memorise any spells.
You knew the following spells:

 Your Spells              Type           Power      Damage    Failure   Level
a - Freeze                Ice            100%       1d11      1%          1
b - Frozen Ramparts       Ice            74%        1d9       1%          3
c - Ozocubu's Armour      Ice            37%        N/A       1%          3
d - Hailstorm             Conj/Ice       54%        3d12      3%          4
e - Metabolic Englaciati  Hex/Ice        18%        N/A       10%         5
f - Magic Dart            Conj           100%       1d8       1%          1
g - Wereblood             Tmut           37%        N/A       1%          2
h - Conjure Flame         Conj/Fire      54%        6-21      1%          3
Your spell library was empty.

Dungeon Overview and Level Annotations

Branches:
Dungeon (6/15)              Sewer (visited)
 Temple: D:4-7

Altars:
Ashenzari
Fedhas
Gozag
Kikubaaqudgha
Nemelex Xobeh
Qazlal
Vehumet
Zin

Annotations:
D:5 Pikel
D:6 Eustachio


Innate Abilities, Weirdness & Mutations

You are immune to sickness and miasma.
You are immune to poison.
Your flesh is very heat resistant. (rF++)
You are vulnerable to cold. (rC-)
You float through the air rather than walking.
You learn spells naturally, not from books.
Your magical power is your life essence.
You have superior vitality. (+4 HP)


Message History

Pikel says, "You'll feel the lick of my whip!"
Pikel cracks his whip.
Casting: Metabolic Englaciation (quite dangerous; 10% risk of failure)
Confirm with . or Enter, or press ? or * to list all spells.
You feel a surge of power!
The fire begins to smoulder!
* * * LOW HITPOINT WARNING * * *
Pikel smothers the flame.
Pikel closely misses you.
Casting: Conjure Flame (safe; 1% risk of failure)
Confirm with . or Enter, or press ? or * to list all spells.
The spell is quite dangerous to cast (10% risk of failure)!
Continue anyway?
You radiate an aura of cold.
Pikel seems to slow down.
* * * LOW HITPOINT WARNING * * *
Unknown command.
Pikel is no longer moving slowly.
Pikel waves his whip at you. Pikel waves his whip at you.
Pikel says, "Hell isn't that bad."
Pikel checks his coin pouch and frowns.
Pikel says, "You'll make a fine lemure."
Casting: Metabolic Englaciation (quite dangerous; 10% risk of failure)
Confirm with . or Enter, or press ? or * to list all spells.
Casting: Hailstorm (dangerous; 3% risk of failure)
Press: ? - help, Dir - look around, f - activate You feel a surge of power!
A cannonade of hail descends around you!
The hail pelts Pikel!
Pikel is moderately wounded.
You see here a +0 whip.
Pikel says, "You'll make a fine lemure."
Pikel barely misses you.
You see here a +0 whip.
You see here a +0 whip.
Casting: Hailstorm (dangerous; 3% risk of failure)
Confirm with . or Enter, or press ? or * to list all spells.
The spell is quite dangerous to cast (10% risk of failure)!
Continue anyway?
You miscast Metabolic Englaciation.
You are very lightly contaminated with residual magic.
Your hands feel numb with cold!!
You feel a terrible chill!
You die...

######### #########
##.......# #>...@K.#
......##.# #.#####.#
##.##.##.###.#####.#
...##...........##.#
##....##.###.##.##.#
##.##.##........##.#
..........#####..).#
#########.# #..)###
#.# #.#.#


You could see Pikel.

Vanquished Creatures
  A shadow (D:5)
  Sigmund (D:2)
  2 ogres
  A necrophage (D:3)
  A lemure (D:6)
  A phantom (D:5)
  A kobold brigand (Sewer)
  A scorpion (D:5)
  A bullfrog zombie (D:5)
  A jelly (D:5)
  A hound (D:5)
  2 bullfrog skeletons
  An iguana (D:5)
  4 orc wizards
  A hound zombie (D:5)
  A hound skeleton (D:5)
  A howler monkey skeleton (D:5)
  2 adders
  A shadow imp (D:5)
  An ufetubus (D:4)
  An adder skeleton (D:2)
  A worm (D:2)
  3 dart slugs
  13 orcs
  8 ball pythons
  10 bats
  10 endoplasms
  A giant cockroach (D:4)
  4 goblins
  4 hobgoblins
  11 jackals
  16 kobolds
  6 quokkas
  3 frilled lizards
  A jackal skeleton (D:4)
  4 rats
122 creatures vanquished.

Vanquished Creatures (others)
  4 fungi
  3 plants
7 creatures vanquished.

Grand Total: 129 creatures vanquished

Notes
Turn   | Place    | Note
-------+----------+-------------------------------------------
     0 | D:1      | quinnr the Djinni Ice Elementalist began the quest for the
                  | Orb.
     0 | D:1      | Reached XP level 1. HP: 15/15 MP: 0/0
   307 | D:1      | Reached XP level 2. HP: 11/21 MP: 0/0
   916 | D:1      | Found a faded altar of an unknown god.
  1013 | D:1      | Reached XP level 3. HP: 22/25 MP: 0/0
  1013 | D:1      | Learned a level 1 spell: Magic Dart
  1276 | D:1      | Reached skill level 4 in Spellcasting
  1749 | D:2      | Identified 2 scrolls of acquirement
  1749 | D:2      | Acquired a ring of resist corrosion
  1750 | D:2      | Acquired a staff of conjuration
  1760 | D:2      | quinnr: Howdy :)
  1765 | D:2      | quinnr: ??staff of cold
  1765 | D:2      | beem: magical staff[1/3]: (staves; +5 acc / 5 dam / 1.2
                  | base delay / 0.6 min delay). A one-handed staff that
                  | enhances the spellpower of spells in its respective school
                  | by 50% and has a chance of doing extra elemental damage
                  | {see magical staff[2]}. All but earth and conjurations also
                  | confer resistance of the appropriate type. Types: air,
                  | cold, conjurations, death, earth, fire, poison.
  1902 | D:2      | quinnr: magical staff[2]?
  1902 | D:2      | quinnr: magical staff[2]??
  1902 | D:2      | beem: Magical staves have a (2*evoc + magic skill)/30
                  | chance of getting random2(1.25*(magic skill + evoc/2))
                  | extra elemental damage (for earth this is increased by
                  | 1/3). This damage ignores AC, checking the appropriate
                  | resistance instead, except for conjurations, which checks
                  | AC, and earth, which checks AC three times.
  1902 | D:2      | quinnr: magical staff[3]??
  1902 | D:2      | beem: i almost never use enhancer staves unless i'm
                  | using them to enhance my casting
  1943 | D:2      | Reached XP level 4. HP: 23/31 MP: 0/0
  2583 | D:2      | Noticed Sigmund
  2959 | D:2      | Killed Sigmund
  2960 | D:2      | Reached skill level 5 in Spellcasting
  2960 | D:2      | Reached XP level 5. HP: 9/35 MP: 0/0
  2960 | D:2      | Learned a level 2 spell: Wereblood
  2960 | D:2      | Reached XP level 6. HP: 10/40 MP: 0/0
  3219 | D:3      | Found a broken altar of Ashenzari.
  3257 | D:3      | Noticed a necrophage
  3268 | D:3      | Killed a necrophage
  3509 | D:3      | Found a glowing silver altar of Zin.
  4427 | D:4      | Noticed an ogre
  4465 | D:4      | Found a stormy altar of Qazlal.
  4470 | D:4      | Reached skill level 6 in Spellcasting
  4472 | D:4      | Found a blossoming altar of Fedhas.
  4493 | D:4      | Reached XP level 7. HP: 35/45 MP: 0/0
  4493 | D:4      | Learned a level 3 spell: Conjure Flame
  4536 | D:5      | Entered Level 5 of the Dungeon
  4642 | D:4      | Found a glowing drain.
  4646 | Sewer    | Entered a sewer
  4756 | Sewer    | Reached skill level 1 in Evocations
  5597 | D:5      | Noticed a shadow
  5612 | D:5      | Killed a shadow
  5613 | D:5      | Reached XP level 8. HP: 22/50 MP: 0/0
  5816 | D:5      | Reached skill level 7 in Spellcasting
  7489 | D:6      | Found an opulent altar of Gozag.
  7489 | D:6      | Found a sparkling altar of Nemelex Xobeh.
  7527 | D:6      | Noticed Pikel
  7527 | D:6      | Noticed Eustachio
  7551 | D:5      | HP: 3/50 [Pikel/+0 whip of flaming (17)]
  7551 | D:5      | HP: 1/50 [Pikel/+0 whip of flaming (2)]
  7995 | D:5      | Killed by miscasting Metabolic Englaciation

Illustrated notes

Levels and vault maps discovered:
D:1:      lemuel_arrival_hallway, layout_basic,
          hellmonk_ecumenical_altar_heavens_door
D:2:      layout_basic, minmay_strange_pillars, minmay_hedge_maze,
          minmay_tall_x, uniq_sigmund
D:3:      layout_basic, general_overflow_altar, nicolae_ashenzari_panopticon,
          nrook_mini_vaults
D:4:      layout_gridville, grunt_temple_overflow_forces_of_nature,
          old_standard_altar, nicolae_vehumet_altar_sigil, gup_sewer_entry_bowl,
          palyth_stone_intersect
D:5:      minmay_inner_zag, layout_loops_cross, minmay_manual_monolith
D:6:      layout_rooms, grunt_temple_overflow_opulence,
          minmay_temple_entry_trees, st_stairs_2, serial_bayou_lake_a,
          uniq_crazy_yiuf_cottage, uniq_pikel, uniq_eustachio

Skill      XL: |  1  2  3  4  5  6  7  8 |
---------------+-------------------------+-----
Spellcasting   | 4 5 6 7 |  7.9
Stealth        | 2 |  2.0
Evocations     | 2 3 |  3.0
Dodging        | |  2.1

Action                   |  1- 3 |  4- 6 |  7- 9 || total
-------------------------+-------+-------+-------++-------
 Cast: Freeze            |    46 |     1 |     8 ||    55
       Frozen Ramparts   |     6 |     3 |    11 ||    20
       Magic Dart        |       |    83 |   106 ||   189
       Ozocubu's Armour  |       |     1 |     2 ||     3
       Hailstorm         |       |     4 |    18 ||    22
       Conjure Flame     |       |       |     2 ||     2
       Metabolic Englaci |       |       |     3 ||     3
  Use: Scroll            |     2 |     5 |     7 ||    14
       Potion            |       |       |     2 ||     2
Armor: Robe              |     4 |     3 |     8 ||    15
Dodge: Dodged            |    18 |    14 |    31 ||    63

Table legend: (Time is in decaauts)
 A = Elapsed time spent in this place.
 B = Non-inter-level travel time spent in this place.
 C = Inter-level travel time spent in this place.
 D = Time resting spent in this place.
 E = Time spent auto-exploring this place.
 F = Levels seen in this place.
 G = Mean time per level.
                   A        B        C        D        E       F      G
               +--------+--------+--------+--------+--------+-----+--------+
         Total |   7999 |   7804 |    195 |   1870 |   4532 |   7 | 1142.7 |
       Dungeon |   7479 |   7284 |    195 |   1803 |   4171 |   6 | 1246.5 |
         Sewer |    519 |    519 |      0 |     67 |    361 |   1 |  519.0 |
               +--------+--------+--------+--------+--------+-----+--------+

Top non-repeatable levels by time:
     D:5: 2124 daAuts
     D:1: 1819 daAuts
     D:2: 1395 daAuts
     D:4: 1243 daAuts
     D:3: 778 daAuts
   Sewer: 519 daAuts
     D:6: 117 daAuts
